 Dungeon Crawl Stone Soup version 0.24.0-13-gcf9b319 (webtiles) character file.

Game seed: 17664910131492161481, levelgen mode: deterministic

2435 Balder the Cleaver (level 9, -2/67 HPs)
             Began as a Hill Orc Fighter on May 8, 2020.
             Was an Initiate of Hepliaklqana.
             Splashed by Erica's acid (15 damage)
             ... on level 8 of the Dungeon.
             The game lasted 00:27:46 (6327 turns).

Balder the Cleaver (Hill Orc Fighter)               Turns: 6327, Time: 00:27:47

Health: -2/67      AC:  7    Str: 19    XL:     9   Next: 49%
Magic:  9/9        EV:  6    Int:  8    God:    Hepliaklqana [......]
Gold:   541        SH:  0    Dex: 15    Spells: 8/8 levels left

rFire    . . .     SeeInvis .   a - +0 war axe
rCold    . . .     Gourm    .   c - +1 shield
rNeg     . . .     Faith    .   h - +0 chain mail
rPois    .         Spirit   .   t - +0 helmet
rElec    .         Reflect  .   (no cloak)
rCorr    .         Harm     .   (no gloves)
MR       .....                  (no boots)
Stlth    ..........             (no amulet)
HPRegen  0.21/turn              l - +2 ring of dexterity
MPRegen  0.11/turn              (no ring)

@: confused, corroded, slowed, very slow
A: reduced essence
a: Recall Ancestor, Ancestor Identity, Renounce Religion


You were on level 8 of the Dungeon.
You worshipped Hepliaklqana.
Hepliaklqana was noncommittal.
You were not hungry.

You visited 2 branches of the dungeon, and saw 9 of its levels.

You collected 541 gold pieces.

Inventory:

Hand Weapons
 a - a +0 war axe (weapon)
 b - a +2 mace of crushing
 D - a +1 whip of freezing
 G - a +0 flail
Missiles
 g - 82 sling bullets
 v - 7 silver boomerangs
 w - 7 boomerangs (quivered)
Armour
 c - a +1 shield (worn)
 h - a +0 chain mail (worn)
 t - a +0 helmet (worn)
Jewellery
 l - a +2 ring of dexterity (left hand)
 u - an uncursed ring of positive energy
 C - a cursed ring of teleportation {unknown}
 E - an uncursed amulet of harm {unknown}
Wands
 x - a wand of acid (8)
Scrolls
 k - 9 scrolls of identify
 o - 2 scrolls of fog {unknown}
 r - 2 scrolls of remove curse
 y - 2 scrolls of enchant armour
 z - a scroll of magic mapping
 B - a scroll of teleportation {unknown}
Potions
 d - 2 potions of curing
 e - a potion of magic
 i - a potion of flight {unknown}
 j - a potion of lignification {unknown}
 m - 4 potions of heal wounds
 n - a potion of ambrosia {unknown}
 p - a potion of haste {unknown}
 q - 2 potions of mutation
 s - 3 potions of agility
 A - a potion of degeneration {unknown}
Comestibles
 f - 11 rations
 F - 7 chunks of flesh


   Skills:
 * Level 6.0 Fighting
 * Level 10.1(10.5) Axes
 * Level 3.8(6.6) Maces & Flails
 * Level 4.0 Throwing
 * Level 6.2 Armour
 + Level 0.3 Dodging
 + Level 0.3 Stealth
 * Level 6.0 Shields
 * Level 0.4 Invocations


You had 8 spell levels left.
You didn't know any spells.
Your spell library contained the following spells:

 Spells                   Type           Power        Failure   Level  Hunger
 Magic Dart               Conj           #...         100%        1    ##.....
 Blink                    Tloc           N/A          100%        2    ###....
 Call Imp                 Summ           #.......     100%        2    ###....
 Slow                     Hex            #.......     100%        2    ###....
 Conjure Flame            Conj/Fire      #.......     100%        3    ####...
 Mephitic Cloud           Conj/Pois/Air  #.......     100%        3    ####...
 Bolt of Magma            Conj/Fire/Erth #.........   100%        5    ######.
 Iskenderun's Battlesphe  Conj/Chrm      #.......     100%        5    ######.
 Venom Bolt               Conj/Pois      #.........   100%        5    ######.
 Iron Shot                Conj/Erth      #.........   100%        6    #######
 Orb of Destruction       Conj           #.........   100%        7    #######
 Spellforged Servitor     Conj/Summ      #.........   100%        7    #######


Dungeon Overview and Level Annotations

Branches:
Dungeon (8/15)             Temple (1/1) D:7
   Lair: D:8-11

Altars:
Ashenzari
Cheibriados
Dithmenos
Elyvilon
Fedhas
Gozag
Hepliaklqana
Kikubaaqudgha
Makhleb
Nemelex Xobeh
Okawaru
Qazlal
Ru
Sif Muna
Trog
Uskayaw
Vehumet
Wu Jian
Xom
Yredelemnul
Zin
The Shining One

Shops:
D:5 =

Annotations:
D:7 3 runed translucent doors, Cheops's ghost, novice DsGl
D:8 Erica


Message History

Evoke which item? (* to show all) (? for menu, Esc to quit)
Aiming: Corrosive Bolt
Press: ? - help, Shift-Dir - straight line Hori closely misses something.
You hear some strange, mumbled words.
You feel yourself slow down.
Evoke which item? (* to show all) (? for menu, Esc to quit)
Aiming: Corrosive Bolt
Press: ? - help, Shift-Dir - straight line The bolt of acid hits something!
The acid corrodes something!
Hori closely misses something.
You hear some strange, mumbled words.
You are confused.
Hori hits something!
You hear a zap.
A bolt of acid appears from out of thin air!
The bolt of acid hits you!
* * * LOW HITPOINT WARNING * * *
You are splashed with acid!
You die...

#.# ..# #.# #.#
#.##########.##
#...........#.#### #####
############.###.<......
#.###.#.|...
#.#.##.#.#.#
#.###.#{....# ..#
##R@....## ###
#........# #.........#
#.##...[...# ##
##....[## ##...## ####


You could see the friendly Hori the ancestor.

Vanquished Creatures
  Pikel (D:7)
  Joseph (D:7)
  A hippogriff (D:7)
  A water moccasin (D:8)
  2 phantoms
  4 ogres
  A centaur (D:6)
  A bullfrog (D:7)
  A crimson imp (D:7)
  3 hounds
  A jelly (D:4)
  3 orc wizards
  A bullfrog skeleton (D:6)
  2 centaur skeletons
  An iguana (D:7)
  2 worker ants
  Robin (D:2)
  A worker ant zombie (D:7)
  8 gnolls
  8 adders
  A shadow imp (D:7)
  2 oozes
  An adder zombie (D:7)
  4 adder skeletons
  5 worms
  2 dart slugs (D:1)
  6 leopard geckos
  24 orcs
  2 giant cockroaches
  15 goblins
  10 hobgoblins
  8 jackals
  6 kobolds
  4 quokkas
  2 ball pythons
  10 bats
  5 frilled lizards
  A leopard gecko skeleton (D:4)
  A leopard gecko zombie (D:5)
  3 rats
156 creatures vanquished.

Vanquished Creatures (collateral kills)
  A hound (D:7)
  An orc (D:8)
2 creatures vanquished.

Vanquished Creatures (others)
  A slave (D:7)
  A bullfrog zombie (D:7)
  2 gnolls (D:7)
4 creatures vanquished.

Grand Total: 162 creatures vanquished

Notes
Turn   | Place    | Note
-------+----------+-------------------------------------------
     0 | D:1      | Balder the Hill Orc Fighter began the quest for the Orb.
     0 | D:1      | Reached XP level 1. HP: 19/19 MP: 1/1
    38 | D:1      | Reached XP level 2. HP: 22/27 MP: 2/2
   391 | D:1      | Reached XP level 3. HP: 29/33 MP: 3/3
   424 | D:1      | Reached skill level 3 in Axes
   942 | D:2      | Noticed Robin
   962 | D:2      | Reached XP level 4. HP: 16/40 MP: 4/4
   968 | D:2      | Killed Robin
   968 | D:2      | Reached skill level 4 in Axes
  1622 | D:3      | Reached XP level 5. HP: 35/47 MP: 5/5
  1779 | D:3      | Reached skill level 1 in Throwing
  1954 | D:3      | Reached skill level 5 in Axes
  2031 | D:3      | Found an opulent altar of Gozag.
  2315 | D:4      | Reached XP level 6. HP: 49/53 MP: 6/6
  2529 | D:4      | Reached skill level 6 in Axes
  2674 | D:4      | Reached XP level 7. HP: 31/60 MP: 7/7
  3004 | D:4      | Reached skill level 1 in Maces & Flails
  3368 | D:5      | Entered Level 5 of the Dungeon
  3466 | D:5      | Found Nuufeiw's Jewellery Shoppe.
  3470 | D:5      | Reached skill level 5 in Fighting
  3672 | D:5      | Reached skill level 7 in Axes
  4095 | D:6      | Reached XP level 8. HP: 68/68 MP: 8/8
  4175 | D:6      | Reached skill level 5 in Shields
  4877 | D:7      | Reached skill level 8 in Axes
  4966 | D:7      | Reached skill level 5 in Armour
  5081 | D:7      | Noticed Pikel
  5098 | D:7      | Killed Pikel
  5098 | D:7      | Reached skill level 9 in Axes
  5110 | D:7      | Reached XP level 9. HP: 64/75 MP: 9/9
  5127 | D:7      | Found a runed translucent gate.
  5127 | D:7      | Found a runed translucent gate.
  5127 | D:7      | Found a runed translucent gate.
  5128 | D:7      | Noticed Cheops's ghost (novice DsGl)
  5174 | D:7      | Found a staircase to the Ecumenical Temple.
  5201 | Temple   | Entered the Ecumenical Temple
  5308 | Temple   | Became a worshipper of Hepliaklqana the Forgotten
  5332 | D:7      | Noticed Joseph
  5349 | D:7      | Killed Joseph
  5662 | D:7      | Reached skill level 10 in Axes
  6321 | D:8      | Noticed Erica
  6327 | D:8      | Splashed by Erica's acid

Levels and vault maps discovered:
D:1:      shiori_arrival_oz, layout_loops_ring
D:2:      layout_rooms, uniq_robin
D:3:      layout_loops_ring, nicolae_gozag_cash_rules_everything_around_me
D:4:      layout_basic, hangedman_decor_clover_reticule, chequers_mini_garden,
          minmay_starry_boxes
D:5:      layout_basic, serial_shops, kennysheep_little_box, first_ration
D:6:      layout_loops_ring, serial_glass, glass_columns_c, glass_columns_b,
          glass_columns_a, glass_columns_c, glass_columns_c,
          kennysheep_generic_room_12
D:7:      layout_loops_ring, minmay_temple_entry_antechambers,
          gammafunk_ghost_necromancy, uniq_pikel, uniq_joseph
D:8:      layout_loops_ring, uniq_maurice, uniq_erica
Temple:   nicolae_temple_the_god_donut

Skill      XL: |  1  2  3  4  5  6  7  8  9 |
---------------+----------------------------+-----
Fighting       | 4 5 6 |  6.0
Axes           | 3 4 5 6 7 9 10 | 10.1
Shields        | 4 5 6 |  6.0
Armour         | 4 5 6 |  6.2
Throwing       | 1 2 3 4 |  4.0
Maces & Flails | 2 3 |  3.8
Dodging        | |  0.3
Stealth        | |  0.3
Invocations    | |  0.4

Action                   |  1- 3 |  4- 6 |  7- 9 || total
-------------------------+-------+-------+-------++-------
Melee: War axe           |   118 |   190 |   241 ||   549
Throw: Boomerang         |       |     6 |    38 ||    44
Evoke: Wand              |       |       |     2 ||     2
  Use: Scroll            |     3 |       |     8 ||    11
       Potion            |     1 |       |       ||     1
  Eat: Chunk             |       |     6 |     9 ||    15
       Ration            |       |       |     1 ||     1
Armor: Scale mail        |    13 |       |       ||    13
       Chain mail        |    75 |    95 |   116 ||   286
Dodge: Dodged            |    23 |    51 |    43 ||   117
Block: Shield            |    72 |    94 |   132 ||   298
